 Dungeon Crawl Stone Soup version 0.32-a0-720-g1d96ad090f (webtiles) character file.

Game seed: 618542687480546557

58 lurch the Firebug (level 3, -1/24 HPs)
             Began as a Demonspawn Fire Elementalist on Mar 16, 2024.
             Slain by a kobold brigand
             ... wielding a +0 club
              (6 damage)
             ... in a sewer.
             The game lasted 00:03:58 (2376 turns).

lurch the Firebug (Demonspawn Fire Elementalist)    Turns: 2376, Time: 00:03:58

Health: -1/24      AC:  2    Str:  8    XL:     3   Next: 76%
Magic:  1/7        EV: 11    Int: 17    God:
Gold:   69         SH:  0    Dex: 13    Spells: 4/7 levels left

rFire   . . .        f - +0 dagger
rCold   . . .        (no shield)
rNeg    . . .        a - +0 robe
rPois   +            (no helmet)
rElec   .            (no cloak)
rCorr   .            (no gloves)
SInv    .            (no boots)
Will    .....        (no amulet)
Stlth   +            h - ring of poison resistance
HPRegen 0.24/turn    (no ring)
MPRegen 0.20/turn

%: no passive effects
@: hasted, slow
A: magic regeneration
a: no special abilities


You were in a sewer.
You visited 1 branch of the dungeon, and saw 3 of its levels.
You also visited: Sewer.

You collected 69 gold pieces.

Inventory:

Hand Weapons
 f - a +0 dagger (weapon)
Armour
 a - a +0 robe (worn)
Jewellery
 h - a ring of poison resistance (left hand)
Scrolls
 c - a scroll of teleportation {unknown}
 e - a scroll of torment {unknown}
 g - a scroll of immolation {unknown}
 i - a scroll of identify {unknown}
 k - a scroll of enchant armour {unknown}
 m - a scroll of amnesia {unknown}
Potions
 b - a potion of magic
 d - a potion of heal wounds {unknown}
 j - a potion of degeneration {unknown}
 l - a potion of curing {unknown}
 n - a potion of haste
 o - a potion of mutation {unknown}


   Skills:
 - Level 1.7 Dodging
 - Level 1.7 Stealth
 + Level 2.7 Spellcasting
 * Level 2.0 Conjurations
 + Level 3.4 Fire Magic


You had 4 spell levels left.
You knew the following spells:

 Your Spells              Type           Power      Damage    Failure   Level
a - Foxfire               Conj/Fire      44%        2x1d6     6%          1
b - Scorch                Fire           28%        2d6       7%          2

Your spell library contained the following spells:

 Spells                   Type           Power      Damage    Failure   Level
 Inner Flame              Hex/Fire       8%         N/A       26%         3
 Volatile Blastmotes      Fire/Tloc      16%        2d11      26%         3
 Flame Wave               Conj/Fire      11%        2d6       50%         4


Dungeon Overview and Level Annotations

Branches:
Dungeon (3/15)              Sewer (1/1)

Altars:


Innate Abilities, Weirdness & Mutations

You regenerate magic rapidly.


Message History

You enter the shallow water.
Moving in this stuff is going to be slow.
You feel sick.
The foxfire hits the kobold brigand.
The kobold brigand is lightly wounded.
The foxfire hits the kobold brigand.
The kobold brigand is lightly wounded.
The foxfire hits the kobold brigand but does no damage.
The kobold brigand is lightly wounded.
You feel sick.
Unknown command.
You conjure some foxfire!
You feel sick.
Unknown command.
You conjure some foxfire!
You feel sick.
You are no longer poisoned.
The foxfire hits the kobold brigand.
The kobold brigand is moderately wounded.
The kobold brigand is engulfed in a cloud of scalding steam.
The kobold brigand hits you with a +0 dagger.
The foxfire hits the kobold brigand.
The kobold brigand is lightly wounded.
You conjure some foxfire!
The foxfire hits the kobold brigand.
The kobold brigand is moderately wounded.
The foxfire hits the kobold brigand.
The kobold brigand is severely wounded.
The kobold brigand is engulfed in a cloud of scalding steam.
The kobold brigand hits you with a +0 dagger.
Unknown command.
Casting: Foxfire (safe; 6% risk of failure)
Confirm with . or Enter, or press ? or * to list all spells.
Flames lash the kobold brigand.
The kobold brigand is moderately wounded.
The kobold brigand's fire resistance burns away.
The foxfire hits the kobold brigand but does no damage.
The kobold brigand is severely wounded.
The kobold brigand is engulfed in a cloud of scalding steam.
The kobold brigand hits you with a +0 dagger.
* * * LOW HITPOINT WARNING * * *
It was a potion of haste.
You feel yourself speed up.
The kobold brigand hits you with a +0 club.
You die...

###.####..###
#####............
###..........†.....
#.................. ####
##..................
#...!#..P...P.......†....
#...!'.~~P..P~~...P...~.P
#.∩..)§K.§..~~~~~~...~P~~
#..!.#~K@.P~P~~P~P..P~~P~
##############~#######~#~
~~~ ~~~~~ ≈≈ ≈≈≈~≈


You could see 2 kobold brigands.

Vanquished Creatures
  2 adders
  2 ball pythons (D:1)
  4 endoplasms
  A giant cockroach (D:3)
  A hobgoblin (D:1)
  4 quokkas
  5 bats
  3 frilled lizards
  4 goblins
  6 kobolds
  9 rats
41 creatures vanquished.

Vanquished Creatures (collateral kills)
  A foxfire (Sewer)
1 creature vanquished.

Vanquished Creatures (others)
  129 foxfires
129 creatures vanquished.

Grand Total: 171 creatures vanquished

Notes
Turn   | Place    | Note
-------+----------+-------------------------------------------
     0 | D:1      | lurch the Demonspawn Fire Elementalist began the quest for
                  | the Orb.
     0 | D:1      | Reached XP level 1. HP: 13/13 MP: 3/3
   401 | D:1      | Reached skill level 3 in Fire Magic
   467 | D:1      | You fall into a shaft and drop 1 floor!
   508 | D:1      | Gained mutation: You regenerate magic rapidly. [demonic
                  | ancestry]
   508 | D:1      | Reached XP level 2. HP: 19/19 MP: 1/5
   511 | D:1      | Learned a level 2 spell: Scorch
  1781 | D:2      | Reached XP level 3. HP: 19/24 MP: 1/6
  2214 | D:3      | Found a glowing drain.
  2219 | Sewer    | Entered a sewer
  2366 | Sewer    | Noticed a kobold brigand
  2366 | Sewer    | Noticed a kobold brigand
  2376 | Sewer    | Slain by a kobold brigand

Illustrated notes

Levels and vault maps discovered:
D:1:      dpeg_arrival_pits, layout_basic
D:2:      layout_basic, nicolae_eternal_life
D:3:      layout_rooms, mainiacjoe_overflow_boulevard,
          minmay_overflow_temple_star_quad, gup_sewer_entry_bowl,
          minmay_goblin_kobold_house, uniq_grinder
Sewer:    kennysheep_pipe_town

Skill      XL: |  1  2  3 |
---------------+----------+-----
Fire Magic     | 3 |  3.4
Conjurations   | 2 |  2.0
Dodging        | |  1.7
Stealth        | |  1.7
Spellcasting   | |  2.7

Action                     || total
---------------------------++-------
  Melee: Dagger            ||    10
   Cast: Foxfire           ||    73
         Scorch            ||    17
    Use: Potion            ||     1
 Armour: Robe              ||    15
  Dodge: Dodged            ||     9

Table legend: (Time is in decaauts)
 A = Elapsed time spent in this place.
 B = Non-inter-level travel time spent in this place.
 C = Inter-level travel time spent in this place.
 D = Time resting spent in this place.
 E = Time spent auto-exploring this place.
 F = Levels seen in this place.
 G = Mean time per level.
                   A        B        C        D        E       F      G
               +--------+--------+--------+--------+--------+-----+--------+
         Total |   2389 |   2359 |     30 |      0 |   2036 |   4 |  597.2 |
       Dungeon |   2225 |   2195 |     30 |      0 |   1904 |   3 |  741.7 |
         Sewer |    164 |    164 |      0 |      0 |    132 |   1 |  164.0 |
               +--------+--------+--------+--------+--------+-----+--------+

Top non-repeatable levels by time:
     D:1: 1182 daAuts
     D:2: 997 daAuts
   Sewer: 164 daAuts
     D:3: 45 daAuts
